 Dungeon Crawl Stone Soup version 0.27.0-1-g7a089689b8 (webtiles) character file.

Game seed: 5454283364848720267

81 Kinoniko the Cutter (level 4, -2/42 HPs)
             Began as a Kobold Berserker on Aug 10, 2021.
             Was a Believer of Trog.
             Slain by a gnoll (7 damage)
             ... on level 3 of the Dungeon.
             The game lasted 00:01:54 (3184 turns).

Kinoniko the Cutter (Kobold Berserker)              Turns: 3184, Time: 00:01:54

Health: -2/42      AC:  5    Str: 14    XL:     4   Next: 67%
Magic:  0/4        EV: 14    Int:  8    God:    Trog [**....]
Gold:   59         SH:  0    Dex: 15    Spells: 3/3 levels left

rFire    . . .     SeeInvis .   a - +0 short sword
rCold    . . .     Faith    .   (shield restricted)
rNeg     . . .     Spirit   +   n - +0 ring mail
rPois    .         Reflect  .   (no helmet)
rElec    .         Harm     .   (no cloak)
rCorr    .         Rampage  .   (no gloves)
Will     .....                  (no boots)
Stlth    ..........             g - amulet of guardian spirit
HPRegen  0.14/turn              (no ring)
MPRegen  0.09/turn              (no ring)

@: berserking, very quick
A: small, no large weapons, nightstalker 3
a: Renounce Religion, Berserk, Trog's Hand


You were on level 3 of the Dungeon.
You worshipped Trog.
Trog was pleased with you.
You visited 1 branch of the dungeon, and saw 3 of its levels.

You collected 59 gold pieces.

Inventory:

Hand Weapons
 a - a +0 short sword (weapon)
Armour
 n - a +0 ring mail (worn)
Jewellery
 g - an amulet of guardian spirit (around neck)
 m - a ring of ice
Scrolls
 e - 2 scrolls of identify {unknown}
 h - a scroll of noise {unknown}
 j - a scroll of holy word {unknown}
 k - a scroll of enchant weapon {unknown}
 l - a scroll of immolation {unknown}
Potions
 c - a potion of magic {unknown}
 f - a potion of experience {unknown}
 i - a potion of degeneration {unknown}


   Skills:
 - Level 3.2 Fighting
 * Level 6.0 Short Blades
 - Level 1.5 Armour
 + Level 3.6 Dodging


You had 3 spell levels left.
You didn't know any spells.
Your spell library was empty.

Dungeon Overview and Level Annotations

Branches:
Dungeon (3/15)

Altars:
Xom

Shops:
D:1 =


Innate Abilities, Weirdness & Mutations

You are small and have problems with some larger weapons.
You are completely attuned to the shadows.


Message History

The gnoll shouts!
The gnoll hits you with a +0 club. The gnoll closely misses you.
You hit the gnoll.
The gnoll is moderately wounded.
A gnoll comes into view. It is wielding a +0 spear.
The gnoll hits you with a +0 club. The gnoll closely misses you.
You closely miss the gnoll.
The gnoll is moderately wounded.
The gnoll hits you with a +0 club! The gnoll barely misses you. x2
You are too injured to fight recklessly!
You are too injured to fight recklessly!
A red film seems to cover your vision as you go berserk!
You feel yourself moving faster!
You feel mighty! The gnoll hits you with a +0 club.
The gnoll hits you from afar with a +3 spear.
* * * LOW HITPOINT WARNING * * *
The gnoll hits you with a +0 club.
* * * LOW HITPOINT WARNING * * *
You hit the gnoll.
The gnoll is heavily wounded.
The gnoll misses you.
You barely miss the gnoll.
The gnoll is heavily wounded.
The gnoll hits you with a +0 club.
* * * LOW HITPOINT WARNING * * *
The gnoll closely misses you. The gnoll barely misses you.
You closely miss the gnoll.
The gnoll is heavily wounded.
The gnoll barely misses you.
Unknown command.
You hit the gnoll.
The gnoll is severely wounded.
The gnoll hits you but does no damage.
The gnoll hits you from afar with a +3 spear.
* * * LOW HITPOINT WARNING * * *
The gnoll closely misses you.
You completely miss the gnoll.
The gnoll is severely wounded.
The gnoll hits you from afar with a +0 spear!
You die...

#### ).# #.# #####
##.########....
####...........##.
#......##########.
#@##...# #.
#..gg##.## #.
##.gg.#.# #.
.......# #.
#####.##
##########
#......# #......#
#......##
#.......#


You could see 4 gnolls.

Vanquished Creatures
  3 adders (D:2)
  A worm (D:2)
  2 orcs (D:3)
  9 endoplasms
  2 goblins (D:2)
  8 hobgoblins
  3 jackals (D:2)
  4 quokkas
  3 ball pythons
  2 bats (D:2)
  2 frilled lizards
  4 rats
43 creatures vanquished.

Notes
Turn   | Place    | Note
-------+----------+-------------------------------------------
     0 | D:1      | Kinoniko the Kobold Berserker began the quest for the Orb.
     0 | D:1      | Reached XP level 1. HP: 14/14 MP: 1/1
   356 | D:1      | Reached XP level 2. HP: 13/19 MP: 2/2
  1008 | D:1      | Found Anwocuis's Jewellery Shop.
  1448 | D:2      | Reached XP level 3. HP: 14/23 MP: 3/3
  1590 | D:2      | Reached skill level 5 in Short Blades
  2099 | D:2      | Reached XP level 4. HP: 21/28 MP: 4/4
  2419 | D:2      | Reached ** piety under Trog
  2950 | D:3      | Found a shimmering altar of Xom.
  3026 | D:3      | Reached skill level 6 in Short Blades
  3184 | D:3      | Slain by a gnoll

Illustrated notes

Levels and vault maps discovered:
D:1:      lightli_arrival_statue_moat, layout_loops_corners, serial_shops,
          nicolae_lakefront_shop
D:2:      kennysheep_six_static_rooms, layout_loops_ring,
          chequers_serial_rivers_large_b
D:3:      layout_loops_cross, xom_teletrap_fun, mainiacjoe_overflow_boulevard,
          minitemple, chequers_serial_rivers_micro_e, small_statue_intersection

Skill      XL: |  1  2  3  4 |
---------------+-------------+-----
Dodging        | 3 |  3.6
Short Blades   | 5 6 |  6.0
Fighting       | |  3.2
Armour         | |  1.5

Action                   |  1- 3 |  4- 6 || total
-------------------------+-------+-------++-------
Melee: Short sword       |    89 |    63 ||   152
Invok: Berserk           |     2 |     2 ||     4
 Stab: Sleeping          |     3 |     4 ||     7
Armor: Leather armour    |    10 |     8 ||    18
       Ring mail         |       |     2 ||     2
Dodge: Dodged            |    65 |    61 ||   126
